 Dungeon Crawl Stone Soup version 0.23.2-40-g277498a001 (webtiles) character file.

Game seed: 10499280772939038948

18 Ivernyr the Chiller (level 2, -1/20 HPs)
             Began as a Demigod Ice Elementalist on Oct 11, 2019.
             Slain by Sigmund
             ... wielding a +0 scythe
              (8 damage)
             ... on level 2 of the Dungeon.
             The game lasted 00:06:18 (986 turns).

Ivernyr the Chiller (Demigod Ice Elementalist)       Turns: 986, Time: 00:06:19

Health: -1/20      AC:  3    Str: 11    XL:     2   Next: 36%
Magic:  0/7        EV: 13    Int: 19    God:
Gold:   74         SH:  0    Dex: 16    Spells: 2/5 levels left

rFire    . . .     SeeInvis .   b - +0 whip
rCold    . . .     Gourm    .   (no shield)
rNeg     . . .     Faith    .   a - +0 robe
rPois    .         Spirit   .   l - +0 helmet
rElec    .         Reflect  .   (no cloak)
rCorr    .         Harm     .   (no gloves)
MR       .....                  (no boots)
Stlth    +++.......             (no amulet)
HPRegen  0.06/turn              k - ring of stealth
MPRegen  0.10/turn              (no ring)

@: no status effects
A: high mp 1
a: no special abilities


You were on level 2 of the Dungeon.
You were not hungry.

You visited 1 branch of the dungeon, and saw 2 of its levels.

You collected 74 gold pieces.

Inventory:

Hand Weapons
 b - a +0 whip (weapon)
Armour
 a - a +0 robe (worn)
 l - a +0 helmet (worn)
 n - a +0 shield
Jewellery
 k - a ring of stealth (left hand)
Scrolls
 d - 6 scrolls of identify {unknown}
 f - a scroll of blinking {unknown}
 j - 3 scrolls of remove curse {unknown}
 m - a scroll of teleportation {unknown}
Potions
 e - 3 potions of curing {unknown}
 g - a potion of might {unknown}
 h - a potion of magic {unknown}
 i - a potion of mutation {unknown}
Comestibles
 c - a ration


   Skills:
 + Level 2.1 Dodging
 - Level 1.7 Stealth
 + Level 2.0 Spellcasting
 - Level 0.8 Conjurations
 * Level 3.1 Ice Magic


You had 2 spell levels left.
You knew the following spells:

 Your Spells              Type           Power        Failure   Level  Hunger
a - Freeze                Ice            ##..         4%          1    #......
b - Throw Frost           Conj/Ice       #.....       11%         2    ###....

Your spell library contained the following spells:

 Spells                   Type           Power        Failure   Level  Hunger
 Ozocubu's Armour         Chrm/Ice       #.......     26%         3    ###....
 Throw Icicle             Conj/Ice       #.......     58%         4    #####..
 Summon Ice Beast         Ice/Summ       #.......     65%         4    #####..


Dungeon Overview and Level Annotations

Branches:
Dungeon (2/15)

Annotations:
D:2 Sigmund


Innate Abilities, Weirdness & Mutations

You have an increased reservoir of magic. (+10% MP)


Message History

Aim: Sigmund, wielding a +0 scythe and wearing a +0 robe (heavily wounded)
You freeze Sigmund.
Sigmund is severely wounded.
Casting: Freeze (safe; 4% risk of failure)
Confirm with . or Enter, or press ? or * to list all spells.
Aiming: Freeze (safe; 4% risk of failure)
Press: ? - help, Shift-Dir - straight line, f/p - Sigmund
Aim: Sigmund, wielding a +0 scythe and wearing a +0 robe (severely wounded)
You freeze Sigmund.
Sigmund is almost dead.
Sigmund closely misses you.
Casting: Freeze (safe; 4% risk of failure)
Confirm with . or Enter, or press ? or * to list all spells.
Aiming: Freeze (safe; 4% risk of failure)
Press: ? - help, Shift-Dir - straight line, f/p - Sigmund
Aim: Sigmund, wielding a +0 scythe and wearing a +0 robe (almost dead)
You freeze Sigmund.
Sigmund is almost dead.
Sigmund hits you with a +0 scythe!
You die...

.##..... ### ........
..# ###..##. #####.#
........ ..##>#
#######. #.##.# #... #
###.##.# #.##
#.#.....@######## #.#
#.#.#?##@.......## #.#
#.....##.#####...###
#†#
###.####.####......#
#.# #.#
#.##........###.##
#.####.##.#..........##
#.........#....#.######
######........##.# #..
#...........####..
#.############....


You could see Sigmund.

Vanquished Creatures
  A dart slug (D:1)
  A leopard gecko (D:1)
  A bat (D:1)
  2 goblins
  2 hobgoblins
  3 kobolds (D:1)
  2 frilled lizards (D:1)
  3 rats
15 creatures vanquished.

Notes
Turn   | Place    | Note
-------+----------+-------------------------------------------
     0 | D:1      | Ivernyr the Demigod Ice Elementalist began the quest for
                  | the Orb.
     0 | D:1      | Reached XP level 1. HP: 14/14 MP: 5/5
   130 | D:1      | Reached skill level 3 in Ice Magic
   212 | D:1      | Reached XP level 2. HP: 20/20 MP: 5/7
   216 | D:1      | Learned a level 2 spell: Throw Frost
   956 | D:2      | Noticed Sigmund
   986 | D:2      | Slain by Sigmund

Skill      XL: |  1 |
---------------+----+-----
Dodging        | 2 |  2.1
Ice Magic      | 3 |  3.1
Spellcasting   | 2 |  2.0
Stealth        | |  1.7
Conjurations   | |  0.8

Action                   || total
-------------------------++-------
Melee: Club              ||     4
       Whip              ||    15
 Cast: Freeze            ||    24
 Stab: Sleeping          ||     2
Armor: Robe              ||     6
Dodge: Dodged            ||    28
